 Dungeon Crawl Stone Soup version 0.32-a0-913-g739538afd8 (webtiles) character file.

Game seed: 17637934897093173133

156 shadizar the Magician (level 5, -12/35 HPs)
             Began as a Djinni Air Elementalist on Apr 7, 2024.
             Mangled by an ogre
             ... wielding a +0 giant club
              (26 damage)
             ... on level 4 of the Dungeon.
             The game lasted 00:02:35 (2513 turns).

shadizar the Magician (Djinni Air Elementalist)     Turns: 2513, Time: 00:02:36

Health: -12/35     AC:  3    Str:  7    XL:     5   Next: 64%
Gold:   245        EV: 11    Int: 18    God:
                   SH:  0    Dex: 14

rFire   + + .        m - +7 dagger of the Abyss {venom, rElec rPois rN+}
rCold   x . .        (no shield)
rNeg    + . .        a - +0 robe
rPois   ∞            t - +0 helmet
rElec   +            (no cloak)
rCorr   +            (no gloves)
SInv    .            (boots unavailable)
Will    .....        (no amulet)
Stlth   ++           e - ring of resist corrosion
HPRegen 0.25/turn    (no ring)

%: infuse magic (-13 HP)
@: swift, flying, quick
A: sickness immunity, fire resistance 2, cold vulnerability 1, float, innate
caster, HP casting, extra vitality 1
a: no special abilities


You were on level 4 of the Dungeon.
You visited 1 branch of the dungeon, and saw 4 of its levels.

You collected 245 gold pieces.

Inventory:

Hand Weapons
 m - the +7 dagger of the Abyss (weapon) {venom, rElec rPois rN+}
   (You found it on level 2 of the Dungeon)

   rElec:     It insulates you from electricity.
   rPois:     It protects you from poison.
   rN+:       It protects you from negative energy.
Armour
 a - a +0 robe (worn)
 o - a +0 hat
 t - a +0 helmet (worn)
 v - a +2 ring mail of cold resistance
Jewellery
 e - a ring of resist corrosion (left hand)
 f - a ring of protection from fire
Wands
 u - a wand of warping (11)
Scrolls
 b - a scroll of silence {unknown}
 j - 3 scrolls of fear {unknown}
 k - a scroll of teleportation {unknown}
 l - a scroll of noise {unknown}
 n - 3 scrolls of identify {unknown}
 q - a scroll of amnesia {unknown}
Potions
 c - a potion of enlightenment {unknown}
 d - a potion of ambrosia {unknown}
 g - a potion of berserk rage {unknown}
 h - a potion of lignification {unknown}
 i - a potion of attraction {unknown}
 p - a potion of degeneration {unknown}
 r - 2 potions of resistance {unknown}
 s - 4 potions of curing {unknown}


   Skills:
 - Level 2.1 Dodging
 - Level 1.5 Stealth
 + Level 5.0 Spellcasting
 + Level 5.0 Conjurations
 + Level 5.0 Hexes
 + Level 5.0 Summonings
 + Level 5.0 Necromancy
 + Level 5.0 Translocations
 + Level 5.0 Fire Magic
 + Level 5.0 Ice Magic
 + Level 5.0 Air Magic
 + Level 5.0 Earth Magic
 + Level 5.0 Alchemy


You knew the following spells:

 Your Spells              Type           Power      Damage    Failure   Level
a - Shock                 Conj/Air       88%        1d8       1%          1
b - Static Discharge      Conj/Air       44%        3-5/arc   2%          2
c - Swiftness             Air            22%        N/A       4%          3
d - Airstrike             Air            11%        2d(2-18)  17%         4
e - Summon Small Mammal   Summ           88%        N/A       1%          1
f - Blink                 Tloc           44%        N/A       2%          2
Your spell library was empty.

Dungeon Overview and Level Annotations

Branches:
Dungeon (4/15)
 Temple: D:4-7

Altars:

Shops:
D:1 [   D:2 [


Innate Abilities, Weirdness & Mutations

You are immune to sickness and miasma.
You are immune to poison.
Your flesh is very heat resistant. (rF++)
You are vulnerable to cold. (rC-)
You float through the air rather than walking.
You learn spells naturally, not from books.
Your magical power is your life essence.
You have superior vitality. (+4 MHP)


Message History

The zap hits the orc.
The orc is heavily wounded.
The orc priest looks braver for a moment.
The zap hits the orc.
The orc is lightly wounded.
A mysterious force pulls you upwards. The hatch slams shut behind you.
HP restored.
Done exploring.
You see here a ball python skeleton.
There is a stone staircase leading down here.
You fly downwards.
There is a stone staircase leading up here.
Unknown command.
Things that are here:
a +0 club; an orc corpse
Items here: ( )) [[ ††.
Found a stone staircase leading down.
An ogre comes into view. It is wielding a +0 giant club.
The ogre shouts!
Casting: Shock (safe; 1% risk of failure)
Confirm with . or Enter, or press ? or * to list all spells.
Okay, then.
Casting: Shock (safe; 1% risk of failure)
Confirm with . or Enter, or press ? or * to list all spells.
You feel quick. The ogre attacks as it pursues you!
The ogre hits you with a +0 giant club!!
Ouch! That really hurt!
* * * LOW HITPOINT WARNING * * *
You start to feel a little slower.
You feel sluggish.
There is a stone staircase leading down here.
You start to feel a little faster.
You no longer feel sluggish.
Casting: Swiftness (dangerous; 4% risk of failure)
Confirm with . or Enter, or press ? or * to list all spells.
You feel quick.
The ogre hits you with a +0 giant club!!
Ouch! That really hurt!
You die...

#.# #.# #.# #.# ##### #.# #...#
######### #.########.#.#
....O...# #.#......#)#.#
#######.# #.#.####.#.#.#########
#.# #..<)[@..#.#.#........ .
#O#.#######O.....)........ ..
#.#............#.#.####### ###
#.######......##.#)####### #.#
##..###.##.#........
#######.#####..#.......#........
..........>.....................
#######.######.#..#....#........
#####........##.#....#........


You could see an ogre.

Vanquished Creatures
  An orc priest (D:3)
  Ijyb (D:4)
  An orc wizard (D:4)
  An adder (D:2)
  2 ribbon worms (D:3)
  5 orcs
  4 ball pythons
  9 endoplasms
  4 giant cockroaches
  3 goblins
  2 hobgoblins (D:2)
  2 quokkas (D:1)
  7 bats
  5 frilled lizards
  5 kobolds
  5 rats
57 creatures vanquished.

Notes
Turn   | Place    | Note
-------+----------+-------------------------------------------
     0 | D:1      | shadizar the Djinni Air Elementalist began the quest for
                  | the Orb.
     0 | D:1      | shadizar set off with the following spells memorised:
                  | Shock, Static Discharge, Swiftness, Airstrike.
     0 | D:1      | Reached XP level 1. HP: 15/15 MP: 0/0
    51 | D:1      | Found Maised's Armour Boutique.
   136 | D:1      | Reached XP level 2. HP: 19/21 MP: 0/0
   440 | D:1      | Reached XP level 3. HP: 23/25 MP: 0/0
   440 | D:1      | Learned a level 1 spell: Summon Small Mammal
   719 | D:2      | Identified the +7 dagger of the Abyss {venom, rElec rPois
                  | rN+}
   758 | D:2      | Found Wamallel's Armour Boutique.
  1208 | D:2      | Reached XP level 4. HP: 30/31 MP: 0/0
  2048 | D:3      | Reached XP level 5. HP: 31/35 MP: 0/0
  2048 | D:3      | Learned a level 2 spell: Blink
  2215 | D:4      | Noticed Ijyb
  2226 | D:4      | Killed Ijyb
  2337 | D:4      | Reached skill level 5 in Spellcasting
  2337 | D:4      | Reached skill level 5 in Conjurations
  2337 | D:4      | Reached skill level 5 in Hexes
  2337 | D:4      | Reached skill level 5 in Summonings
  2337 | D:4      | Reached skill level 5 in Necromancy
  2337 | D:4      | Reached skill level 5 in Translocations
  2337 | D:4      | Reached skill level 5 in Fire Magic
  2337 | D:4      | Reached skill level 5 in Ice Magic
  2337 | D:4      | Reached skill level 5 in Air Magic
  2337 | D:4      | Reached skill level 5 in Earth Magic
  2337 | D:4      | Reached skill level 5 in Alchemy
  2485 | D:4      | Noticed an ogre
  2513 | D:4      | Mangled by an ogre

Illustrated notes

Levels and vault maps discovered:
D:1:      eino_arrival_cavern_c, layout_rooms, serial_shops, shop,
          serial_corexii_hall, corexii_hall_statues_x,
          corexii_hall_statues_deadend, dreamdust_mushroom_princess,
          minmay_3d_cube
D:2:      minmay_alternating_diamond, layout_basic, serial_shops,
          nicolae_shop_gibbet_a_chance, kennysheep_flooded_box
D:3:      layout_rooms, kennysheep_generic_room_3
D:4:      layout_basic, uniq_ijyb

Skill      XL: |  1  2  3  4  5 |
---------------+----------------+-----
Spellcasting   | 4 5 |  5.0
Conjurations   | 4 5 |  5.0
Hexes          | 4 5 |  5.0
Summonings     | 4 5 |  5.0
Necromancy     | 4 5 |  5.0
Translocations | 4 5 |  5.0
Fire Magic     | 4 5 |  5.0
Ice Magic      | 4 5 |  5.0
Air Magic      | 4 5 |  5.0
Earth Magic    | 4 5 |  5.0
Alchemy        | 4 5 |  5.0
Dodging        | |  2.1
Stealth        | |  1.5

Action                     |  1- 3 |  4- 6 || total
---------------------------+-------+-------++-------
   Cast: Shock             |    54 |    33 ||    87
         Static Discharge  |       |     5 ||     5
         Swiftness         |       |     2 ||     2
 Armour: Robe              |       |    11 ||    11
  Dodge: Dodged            |     1 |     6 ||     7

Table legend: (Time is in decaauts)
 A = Elapsed time spent in this place.
 B = Non-inter-level travel time spent in this place.
 C = Inter-level travel time spent in this place.
 D = Time resting spent in this place.
 E = Time spent auto-exploring this place.
 F = Levels seen in this place.
 G = Mean time per level.
                   A        B        C        D        E       F      G
               +--------+--------+--------+--------+--------+-----+--------+
         Total |   2512 |   2454 |     58 |      0 |   2141 |   4 |  628.0 |
       Dungeon |   2512 |   2454 |     58 |      0 |   2141 |   4 |  628.0 |
               +--------+--------+--------+--------+--------+-----+--------+

Top non-repeatable levels by time:
     D:2: 960 daAuts
     D:1: 690 daAuts
     D:3: 676 daAuts
     D:4: 186 daAuts
